 Dungeon Crawl Stone Soup version 0.31-a0-963-ga325b2283a (webtiles) character file.

Game seed: 11316505936707948662

0 Xavori the Trooper (level 1, 20/20 HPs)
             Began as a Djinni Chaos Knight on Oct 24, 2023.
             Was a Plaything of Xom.
             Quit the game on level 1 of the Dungeon.
             The game lasted 00:00:20 (1955 turns).

Xavori the Trooper (Djinni Chaos Knight)            Turns: 1955, Time: 00:00:21

Health: 20/20      AC:  3    Str:  7    XL:     1   Next: 11%
Gold:   0          EV: 11    Int: 13    God:    Xom [*.....] SH:  0 Dex: 12

rFire   + + .        a - +0 falchion (chaos)
rCold   x . .        (no shield)
rNeg    . . .        b - +2 leather armour
rPois   ∞            (no helmet)
rElec   .            (no cloak)
rCorr   .            (no gloves)
SInv    .            (boots unavailable)
Will    .....        (no amulet)
Stlth   ++           (no ring)
HPRegen 0.23/turn    (no ring)
MPRegen 0.00/turn

%: no passive effects
@: flying
A: sickness immunity, fire resistance 2, cold vulnerability 1, float, innate
caster, HP casting, extra vitality 1, camouflage 1, deformed body, screaming 1,
weak 2
a: Renounce Religion


You were on level 1 of the Dungeon.
You worshipped Xom.
You were a special plaything of Xom.
You visited 1 branch of the dungeon, and saw 1 of its levels.

Inventory:

Hand Weapons
 a - a +0 falchion of chaos (weapon)
Armour
 b - a +2 leather armour (worn)
Scrolls
 c - a scroll of butterflies


   Skills:
 + Level 3.0 Fighting
 + Level 2.7 Long Blades
 + Level 1.0 Armour
 + Level 2.2 Dodging You didn't know any spells. Your spell library was empty.

Dungeon Overview and Level Annotations

Branches:
Dungeon (1/15)

Altars:


Innate Abilities, Weirdness & Mutations

You are immune to sickness and miasma.
You are immune to poison.
Your flesh is very heat resistant. (rF++)
You are vulnerable to cold. (rC-)
You float through the air rather than walking.
You learn spells naturally, not from books.
Your magical power is your life essence.
You have superior vitality. (+4 MHP)
Your skin changes colour to match your surroundings (Stealth+).
Armour fits poorly on your strangely shaped body.
You occasionally shout uncontrollably at your foes.
You are very weak. (Str -4)


Message History

No target in view!
No target in view!
You start waiting.
Done waiting.
You start waiting.
You almost hear Xom's maniacal laughter.
Your eyebrows wriggle.
You start waiting.
Done waiting.
You start waiting.
Done waiting.
You start waiting.
You start waiting.
You start waiting.
You start waiting.
You start waiting.
Xom makes a sudden noise!
You hear a knock.
You hear an angry hiss. x2
You start waiting.
A bat comes into view.
The bat moves out of view.
You start waiting.
A bat is nearby!
A bat is nearby!
A bat is nearby!
A bat is nearby!
A bat is nearby!
A bat is nearby!
A bat is nearby!
A bat is nearby!
A bat is nearby!
A bat is nearby!
A bat is nearby!
A bat is nearby!
A bat is nearby!
A bat is nearby!
A bat is nearby!
A bat is nearby!
A bat is nearby!
Are you sure you want to abandon this character and quit the game? (Confirm with "yes".)

..... ..... #.....
#..... #.#..# ..b..
##.##..######+#
.........@....#
##.##..#####..# .....
#..##### ####..
#......#######.
#..#........#.........
...#####.....(########
# ##.. ...##### . ###
##.# #. .#


You could see a bat (wandering).

Vanquished Creatures
  A bat (D:1)
1 creature vanquished.

Notes
Turn   | Place    | Note
-------+----------+-------------------------------------------
     0 | D:1      | Xavori the Djinni Chaos Knight began the quest for the Orb.
     0 | D:1      | Reached XP level 1. HP: 20/20 MP: 0/0
   442 | D:1      | XOM: divination: detect items
   702 | D:1      | XOM is BORED!
   702 | D:1      | XOM: give mutations
   702 | D:1      | Gained mutation: Your skin changes colour to match your
                  | surroundings (Stealth+). [Xom's mischief]
   702 | D:1      | Gained mutation: Armour fits poorly on your strangely
                  | shaped body. [Xom's mischief]
   702 | D:1      | Gained mutation: You occasionally shout uncontrollably at
                  | your foes. [Xom's mischief]
   702 | D:1      | Gained mutation: You are robust. (+10% HP) [Xom's mischief]
  1026 | D:1      | XOM: god gift: +1 flail of protection
  1110 | D:1      | XOM: give mutations
  1110 | D:1      | Gained mutation: You are weak. (Str -2) [Xom's mischief]
  1110 | D:1      | Gained mutation: You are very weak. (Str -4) [Xom's
                  | mischief]
  1110 | D:1      | Lost mutation: You are robust. (+10% HP) [Xom's mischief]
  1306 | D:1      | XOM: 3-stop teleportation journey
  1324 | D:1      | XOM: 4-stop teleportation journey
  1395 | D:1      | XOM is BORED!
  1395 | D:1      | XOM: summons 2 hostile shadow creatures
  1513 | D:1      | XOM: silly message
  1948 | D:1      | XOM: noise
  1955 | D:1      | Quit the game

Illustrated notes

Levels and vault maps discovered:
D:1:      onia_arrival_handbag, layout_loops_corners

Action                     || total
---------------------------++-------
  Melee: Falchion          ||     3
 Armour: Leather armour    ||     1

Table legend: (Time is in decaauts)
 A = Elapsed time spent in this place.
 B = Non-inter-level travel time spent in this place.
 C = Inter-level travel time spent in this place.
 D = Time resting spent in this place.
 E = Time spent auto-exploring this place.
 F = Levels seen in this place.
 G = Mean time per level.
                   A        B        C        D        E       F      G
               +--------+--------+--------+--------+--------+-----+--------+
         Total |   1955 |   1955 |      0 |   1942 |      0 |   1 | 1955.0 |
       Dungeon |   1955 |   1955 |      0 |   1942 |      0 |   1 | 1955.0 |
               +--------+--------+--------+--------+--------+-----+--------+

Top non-repeatable levels by time:
     D:1: 1955 daAuts
